 Dungeon Crawl Stone Soup version 0.29-a0-451-gfbfa42419e (webtiles) character file.

Game seed: 4968509051974214601

1314 zishaf the Skirmisher (level 8, 0/71 HPs)
             Began as a Ghoul Warper on May 19, 2022.
             Slain by a killer bee (4 damage)
             ... on level 5 of the Dungeon.
             The game lasted 00:12:19 (4623 turns).

zishaf the Skirmisher (Ghoul Warper)                Turns: 4623, Time: 00:12:20

Health: 0/71       AC:  8    Str: 17    XL:     8   Next: 58%
Magic:  9/9        EV: 15    Int:  8    God:
Gold:   249        SH:  0    Dex: 12    Spells: 8/10 levels left

rFire   + . .      SeeInvis .   a - +5 mace of Honour {vorpal, Dex+4}
rCold   + + .      Faith    .   (no shield)
rNeg    + + +      Spirit   .   x - +0 leather armour
rPois   ∞          Reflect  .   (no helmet)
rElec   .          Harm     .   s - scarf {rC+ rF+}
rCorr   .          Rampage  .   i - +1 pair of gloves
Will    .....                   d - +2 pair of boots
Stlth   +.........              (no amulet)
HPRegen 0.00/turn               m - +4 ring of evasion
MPRegen 0.11/turn               k - ring of flight

@: flying, inhibited regen
A: claws 1, cold resistance 1, negative energy resistance 3, inhibited
regeneration, torment resistance 2, devour on kill
a: no special abilities


You were on level 5 of the Dungeon.
You visited 1 branch of the dungeon, and saw 5 of its levels.

You collected 249 gold pieces.

Inventory:

Hand Weapons
 a - the +5 mace of Honour (weapon) {vorpal, Dex+4}
   (You found it on level 3 of the Dungeon)

   It inflicts extra damage upon your enemies.
   Dex:       It affects your dexterity (+4).
 b - a +1 hunting sling of electrocution
Missiles
 c - 7 boomerangs of dispersal (quivered)
 h - 2 boomerangs
 t - 2 javelins
Armour
 d - a +2 pair of boots (worn)
 i - a +1 pair of gloves (worn)
 s - a scarf of resistance (worn)
 w - a +0 cloak
 x - a +0 leather armour (worn)
Jewellery
 k - a ring of flight (right hand)
 m - a +4 ring of evasion (left hand)
Wands
 r - a wand of flame (13)
Scrolls
 e - 3 scrolls of identify
 f - a scroll of magic mapping
 j - a scroll of teleportation
 n - a scroll of blinking
Potions
 l - a potion of curing
 q - 3 potions of flight


   Skills:
 + Level 6.7 Fighting
 + Level 2.9 Maces & Flails
 + Level 2.3(2.7) Slings
 - Level 2.0(2.5) Throwing
 - Level 0.8 Armour
 - Level 1.7 Dodging
 - Level 4.0 Unarmed Combat
 - Level 1.7 Spellcasting
 - Level 5.0 Translocations
 + Level 2.9 Evocations


You had 8 spell levels left.
You knew the following spells:

 Your Spells              Type           Power      Damage    Failure   Level
a - Blink                 Tloc           16%        N/A       9%          2

Your spell library contained the following spells:

 Spells                   Type           Power      Damage    Failure   Level
 Gell's Gravitas          Tloc           8%         N/A       17%         3
 Lesser Beckoning         Tloc           8%         N/A       17%         3
 Teleport Other           Tloc           8%         N/A       17%         3
 Confusing Touch          Hex            0%         N/A       78%         3
 Manifold Assault         Tloc           8%         N/A       83%         5
 Yara's Violent Unravell  Hex/Tmut       0%         3d3       100%        5
 Enfeeble                 Hex            0%         N/A       100%        7


Dungeon Overview and Level Annotations

Branches:
Dungeon (5/15)
 Temple: D:4-7

Altars:

Shops:
D:2 [*[**


Innate Abilities, Weirdness & Mutations

You are immune to poison.
You have sharp fingernails.
Your flesh is cold resistant. (rC+)
You are immune to negative energy. (rN+++)
You do not regenerate when monsters are visible.
You are immune to unholy pain and torment.
You thrive by killing the living.


Message History

You feel better. The killer bee barely misses you.
The killer bee stings you but does no damage.
You sock the killer bee!
You kill the killer bee!
You feel better. The killer bee closely misses you.
The killer bee barely misses you.
You miss the killer bee. The killer bee closely misses you.
The killer bee stings you.
* * * LOW HITPOINT WARNING * * *
You thump the killer bee!
The killer bee is severely wounded.
The killer bee barely misses you. The killer bee stings you.
* * * LOW HITPOINT WARNING * * *
The killer bee closely misses you.
You sock the killer bee!
You kill the killer bee!
The killer bee stings you!
* * * LOW HITPOINT WARNING * * *
Training target 5.0 for Translocations reached!
Your Translocations skill increases to level 5!
You hit the killer bee.
The killer bee is heavily wounded.
The killer bee barely misses you. The killer bee closely misses you. x2
You miss the killer bee.
The killer bee is heavily wounded.
The killer bee barely misses you. x2
The killer bee stings you but does no damage.
You sock the killer bee!
You kill the killer bee!
The killer bee misses you.
You miss the killer bee. The killer bee closely misses you.
The killer bee barely misses you. The killer bee stings you!
* * * LOW HITPOINT WARNING * * *
You hit the killer bee.
The killer bee is lightly wounded.
The killer bee completely misses you. The killer bee closely misses you.
You hit the killer bee.
The killer bee is heavily wounded.
The killer bee closely misses you. The killer bee stings you.
You die...

....... ... ..##+##
######..# ..# ##...##..##
.... #.........# .....
#.........# ...^..
#.........#
##+######.......#
.......##.......########
........'.......@yS....#
.......###########y....##
.......# .....##.)....#
.......# ......y......+
.......# .........y.....#
######## ...............#
...<...##.....## .......
#.....##.. .......
#..........


You could see 2 killer bees and an adder.

Vanquished Creatures
  Grinder (D:2)
  Sigmund (D:3)
  Edmund (D:4)
  An ogre (D:5)
  A scorpion (D:5)
  4 killer bees (D:5)
  A jelly (D:5)
  Crazy Yiuf (D:3)
  2 hounds
  3 iguanas
  Natasha (thrice) (D:3)
  Terence (D:2)
  An orc wizard (D:4)
  4 gnolls (D:5)
  4 adders
  A dart slug (D:3)
  10 orcs
  12 bats
  16 endoplasms
  4 giant cockroaches
  11 goblins
  10 hobgoblins
  3 jackals (D:4)
  12 kobolds
  7 quokkas
  4 ball pythons
  2 frilled lizards
  6 rats
127 creatures vanquished.

Notes
Turn   | Place    | Note
-------+----------+-------------------------------------------
     0 | D:1      | zishaf the Ghoul Warper began the quest for the Orb.
     0 | D:1      | Reached XP level 1. HP: 17/17 MP: 2/2
    61 | D:1      | Reached skill level 1 in Throwing
   125 | D:1      | Reached XP level 2. HP: 24/25 MP: 3/3
   245 | D:1      | Learned a level 2 spell: Blink
   549 | D:1      | Reached XP level 3. HP: 29/30 MP: 4/4
   605 | D:1      | Reached skill level 3 in Fighting
   917 | D:2      | Found Laota's General Store.
  1170 | D:2      | Reached XP level 4. HP: 36/38 MP: 5/5
  1520 | D:2      | Found Vicufug's Assorted Antiques.
  1563 | D:2      | Found Doones's Antique Armour Boutique.
  1711 | D:2      | Found Maxkyh's General Store.
  1724 | D:2      | Found Duameck's Armour Shoppe.
  1779 | D:2      | Noticed Terence
  1808 | D:2      | Killed Terence
  2041 | D:3      | Noticed Grinder
  2041 | D:3      | Noticed Natasha
  2069 | D:2      | Killed Grinder
  2070 | D:2      | Reached skill level 5 in Fighting
  2070 | D:2      | Reached XP level 5. HP: 11/48 MP: 6/6
  2070 | D:2      | Reached XP level 6. HP: 13/56 MP: 7/7
  2315 | D:3      | Killed Natasha
  2396 | D:3      | Noticed Natasha
  2402 | D:3      | Killed Natasha
  2574 | D:3      | Noticed Sigmund
  2921 | D:3      | Noticed Natasha
  2925 | D:3      | Killed Natasha
  3152 | D:3      | Found a runed translucent door.
  3152 | D:3      | Identified the +5 mace of Purpose {vorpal, rN+}
  3162 | D:3      | Noticed Crazy Yiuf
  3174 | D:3      | Killed Crazy Yiuf
  3187 | D:3      | Identified the +5 mace of Honour {vorpal, Dex+4}
  3599 | D:3      | Killed Sigmund
  3600 | D:3      | Reached skill level 1 in Maces & Flails
  3600 | D:3      | Reached skill level 1 in Evocations
  3600 | D:3      | Reached XP level 7. HP: 62/62 MP: 8/8
  3871 | D:4      | Noticed Edmund
  3881 | D:4      | Killed Edmund
  3882 | D:4      | Reached skill level 6 in Fighting
  4013 | D:4      | Reached skill level 1 in Slings
  4235 | D:4      | Reached XP level 8. HP: 70/70 MP: 9/9
  4419 | D:5      | Entered Level 5 of the Dungeon
  4618 | D:5      | Reached skill level 5 in Translocations
  4623 | D:5      | Slain by a killer bee

Illustrated notes

Levels and vault maps discovered:
D:1:      dpeg_arrival_simpleton_b, layout_loops_ring
D:2:      kb_forest_paths, layout_basic, serial_shops,
          nicolae_shop_behind_doors, nicolae_shop_behind_doors, shop, shop,
          nicolae_shop_crystal, grunt_ministairs_12, uniq_terence
D:3:      layout_loops_cross, uniq_grinder, uniq_natasha, uniq_sigmund,
          uniq_crazy_yiuf_cottage
D:4:      layout_rooms, serial_bayou_pond_d, uniq_edmund
D:5:      layout_gridville, gup_sewer_entry_spiral, nrook_mini_vaults

Skill      XL: |  1  2  3  4  5  6  7  8 |
---------------+-------------------------+-----
Throwing       | 1 2 |  2.0
Fighting       | 3 5 6 |  6.7
Translocations | 3 4 5 |  5.0
Unarmed Combat | 3 4 |  4.0
Maces & Flails | 1 2 |  2.9
Evocations     | 1 2 |  2.9
Slings         | 1 2 |  2.3
Armour         | |  0.8
Dodging        | |  1.7
Spellcasting   | |  1.7

Action                   |  1- 3 |  4- 6 |  7- 9 || total
-------------------------+-------+-------+-------++-------
Melee: Unarmed           |   110 |   141 |       ||   251
       Punch             |     5 |     4 |     6 ||    15
       Mace              |       |    14 |   136 ||   150
 Fire: Hunting sling     |       |     9 |    25 ||    34
  Use: Potion            |       |     6 |     1 ||     7
       Scroll            |       |       |    11 ||    11
Armor: Leather armour    |    42 |    62 |    63 ||   167
Dodge: Dodged            |    55 |    92 |   125 ||   272

Table legend: (Time is in decaauts)
 A = Elapsed time spent in this place.
 B = Non-inter-level travel time spent in this place.
 C = Inter-level travel time spent in this place.
 D = Time resting spent in this place.
 E = Time spent auto-exploring this place.
 F = Levels seen in this place.
 G = Mean time per level.
                   A        B        C        D        E       F      G
               +--------+--------+--------+--------+--------+-----+--------+
         Total |   4664 |   4436 |    228 |    504 |   2822 |   5 |  932.8 |
       Dungeon |   4664 |   4436 |    228 |    504 |   2822 |   5 |  932.8 |
               +--------+--------+--------+--------+--------+-----+--------+

Top non-repeatable levels by time:
     D:2: 1739 daAuts
     D:3: 1107 daAuts
     D:1: 871 daAuts
     D:4: 727 daAuts
     D:5: 219 daAuts
